[Event "Titled Tuesday Blitz February 28 Early 2023"]
[White "Liu, Casper"]
[Black "Lamaze, Simon"]
[WhiteFideId "1454153"]
[BlackFideId "36069264"]
[WhiteElo "2221"]
[BlackElo "2272"]
[Result "0-1"]
[Round "03"]
[TimeControl "180+2"]
[Date "2023.02.28"]
[WhiteClock "0:00:03"]
[BlackClock "0:00:21"]

1. d4 Nf6 2. c4 e6 3. Nc3 d5 4. cxd5 exd5 5. Bg5 c6 6. e3 Be7 7. Qc2 Nbd7 8. Bd3 O-O 9. Nge2 Re8 10. O-O Nf8 11. Rae1 h6 12. Bh4 a6 13. f3 c5 14. Bf2 cxd4 15. Nxd4 Ne6 16. Nf5 Bf8 17. e4 dxe4 18. Nxe4 Nxe4 19. Bxe4 g6 20. Rd1 Qa5 21. Ne3 Bg7 22. Nc4 Qc7 23. Bb6 Qe7 24. Nd6 Rf8 25. Rfe1 Bd7 26. Bxb7 Rab8 27. Bc7 Rxb7 28. Nxb7 Bc8 29. Bd6 Qxb7 30. Bxf8 Bxf8 31. Kh1 Bd7 32. a3 Bc6 33. b4 Bg7 34. Rd6 Nd4 35. Qd3 Bb5 36. Qd1 Nf5 37. Rd8+ Kh7 38. Qd5 Qc7 39. Qd1 Bc4 40. Rde8 Be6 41. Qc1 Qd7 42. Ra8 h5 43. Rxa6 Bd4 44. Qd2 h4 45. Rd1 Qb7 46. Rxe6 fxe6 47. Qg5 h3 48. Re1 hxg2+ 49. Qxg2 Qd5 50. Re4 Kg7 51. Qf1 Bf6 52. Re1 g5 53. Rd1 Qe5 54. Qg2 Ne3 55. Re1 Nxg2 56. Rxe5 Bxe5 57. Kxg2 Bd6 58. h4 gxh4 59. Kh3 Be7 60. b5 Bxa3 61. Kxh4 Kf6 62. Kg4 Bd6 63. f4 Bb8 64. b6 Bd6 65. b7 Bb8 66. Kf3 Kf5 67. Ke3 Bxf4+ 68. Kd4 Bb8 69. Kd3 Kf4 70. Ke2 e5 0-1


[Site "https://www.chess.com"]

[Event "Titled Tuesday Blitz February 28 Early 2023"]
[White "Saravana, Krishnan P."]
[Black "Smith, Garrett L"]
[WhiteFideId "5018382"]
[BlackFideId "2024829"]
[WhiteElo "2189"]
[BlackElo "2311"]
[Result "1-0"]
[Round "03"]
[TimeControl "180+2"]
[Date "2023.02.28"]
[WhiteClock "0:01:53"]
[BlackClock "0:01:12"]

1. e4 c5 2. Ne2 Nc6 3. Nbc3 e5 4. g3 Nf6 5. Bg2 d6 6. d3 h6 7. O-O Be7 8. f4 b6 9. h3 Bb7 10. a3 Nd4 11. Be3 Qd7 12. g4 Nxe2+ 13. Qxe2 g6 14. fxe5 dxe5 15. Rf3 Nh7 16. Raf1 Ng5 17. R3f2 Rh7 18. Nd5 Bxd5 19. exd5 Bd6 20. h4 1-0


[Site "https://www.chess.com"]

[Event "Titled Tuesday Blitz February 28 Early 2023"]
[White "Sharapov, Evgeny"]
[Black "Awoki, Daniel Teidi"]
[WhiteFideId "14103133"]
[BlackFideId "2100827"]
[WhiteElo "2367"]
[BlackElo "2083"]
[Result "1-0"]
[Round "03"]
[TimeControl "180+2"]
[Date "2023.02.28"]
[WhiteClock "0:00:54"]
[BlackClock "0:00:16"]

1. e4 c5 2. Nf3 e6 3. d4 cxd4 4. Nxd4 Nc6 5. Nb5 d6 6. Bf4 e5 7. Be3 a6 8. N5c3 Nf6 9. Bg5 Be7 10. Nd2 Be6 11. Bxf6 Bxf6 12. Nc4 Be7 13. Ne3 O-O 14. Bd3 Bg5 15. Ncd5 Bxe3 16. Nxe3 Ne7 17. O-O d5 18. exd5 Nxd5 19. Nxd5 Qxd5 20. Qe2 f5 21. c4 Qd4 22. b3 e4 23. Bc2 Rad8 24. Rad1 Qc5 25. Qe3 Qxe3 26. fxe3 g6 27. g3 Kf7 28. Rxd8 Rxd8 29. Bxe4 b5 30. cxb5 axb5 31. g4 Kf6 32. gxf5 gxf5 33. Bxf5 Rd2 34. Bxe6+ Kxe6 35. Rf2 Rd1+ 36. Kg2 Re1 37. Kf3 Ke5 38. Rc2 b4 39. Rc5+ Ke6 40. Rb5 Ra1 41. Rxb4 Rxa2 42. Rh4 Rb2 43. Rxh7 Rxb3 44. Rg7 Kf6 45. Rg2 Kf5 46. h4 Rb4 47. Rh2 Rb6 48. h5 Rh6 49. e4+ Kg5 50. Ke3 Kf6 51. Kd4 Ke6 52. e5 Ke7 53. Kd5 Kd7 54. Ke4 Ke6 55. Kf4 Ke7 56. Kg5 Rh8 57. h6 Ke6 58. h7 Kf7 59. Kf5 Kg7 60. e6 Kf8 61. Kf6 Ke8 62. Kg7 1-0


[Site "https://www.chess.com"]

[Event "Titled Tuesday Blitz February 28 Early 2023"]
[White "Zaichenko, Daria"]
[Black "Aldokhin, Ivan"]
[WhiteFideId "4197453"]
[BlackFideId "24115720"]
[WhiteElo "2039"]
[BlackElo "2322"]
[Result "0-1"]
[Round "03"]
[TimeControl "180+2"]
[Date "2023.02.28"]
[WhiteClock "0:00:48"]
[BlackClock "0:00:07"]

1. e4 c5 2. Nf3 e6 3. d4 cxd4 4. Nxd4 a6 5. c4 Qc7 6. Nc3 Nf6 7. Bd3 d6 8. O-O Be7 9. Be3 b6 10. f4 Bb7 11. Rc1 Nbd7 12. b4 Rc8 13. Kh1 Qb8 14. Qf3 O-O 15. Qh3 g6 16. Nf3 Qa8 17. f5 exf5 18. exf5 Ne5 19. Nxe5 dxe5 20. fxg6 hxg6 21. Bg5 Nd5 22. Nxd5 Bxg5 23. Nxb6 Qb8 24. Nxc8 Bxc8 25. Qg3 Bxc1 26. Bxg6 Bf4 27. Qd3 fxg6 28. Qxg6+ Kh8 29. Rf3 Qc7 30. g3 Bb7 31. Qh5+ Qh7 32. Qxh7+ Kxh7 33. Kg2 Bg5 34. h4 Bxf3+ 35. Kh3 Bh6 36. g4 Bf4 37. c5 Rd8 0-1


[Site "https://www.chess.com"]

[Event "Titled Tuesday Blitz February 28 Early 2023"]
[White "Sliwicki, Damian"]
[Black "Ordekalog"]
[WhiteFideId "1127128"]
[WhiteElo "1988"]
[BlackElo "2575"]
[Result "0-1"]
[Round "03"]
[TimeControl "180+2"]
[Date "2023.02.28"]
[WhiteClock "0:00:04"]
[BlackClock "0:00:05"]

1. e4 d5 2. exd5 Qxd5 3. Nf3 Nf6 4. Be2 Nc6 5. d4 Bg4 6. O-O O-O-O 7. Be3 e5 8. c4 Qa5 9. d5 e4 10. Nd4 Bxe2 11. Qxe2 Nxd4 12. Bxd4 Bc5 13. b4 Qxb4 14. Bxf6 gxf6 15. Nd2 f5 16. Rab1 Qc3 17. Rb5 Bd6 18. c5 Bxc5 19. Nb1 Qd4 20. Rd1 Qxf2+ 21. Qxf2 Bxf2+ 22. Kxf2 a6 23. Rc5 Kd7 24. Na3 Kd6 25. Rc3 f4 26. Nc4+ Ke7 27. Ne5 Kf6 28. Ng4+ Kg5 29. h3 Rd7 30. Ne5 Re7 31. Nc4 Rd8 32. d6 cxd6 33. Rd5+ f5 34. Nxd6 Red7 35. Nf7+ Kf6 36. Rxd7 Rxd7 37. Nh6 Kg6 38. Ng8 Rd2+ 39. Kf1 Kf7 40. Rc8 Rxa2 41. Nh6+ Kg6 42. Ng8 Kf7 43. Nh6+ Ke6 44. Ng8 a5 45. Rb8 a4 46. Rxb7 a3 47. Re7+ Kd6 48. Ra7 Ke5 49. Nh6 f3 50. Ra5+ Kf4 51. Rxf5+ Ke3 52. Ng4+ Kd4 53. gxf3 Ra1+ 54. Kf2 Ra2+ 55. Kg3 e3 56. Rf8 e2 57. Rd8+ Kc5 58. Re8 Rb2 59. Nf2 a2 60. Nd3+ Kd4 61. Nxb2 a1=Q 62. Rxe2 Qg1+ 63. Rg2 Qe1+ 64. Kh2 Qe5+ 65. Kh1 Qe1+ 66. Kh2 Qe5+ 67. Kh1 h5 68. Kg1 Qe3+ 69. Kh2 h4 70. Rg4+ Kd5 71. Rg2 Qf4+ 72. Kh1 Qxf3 73. Kh2 Qf4+ 74. Kh1 Qe4 75. Kh2 Qe5+ 76. Kh1 Qe1+ 77. Kh2 Qf1 78. Rd2+ Ke6 79. Rg2 Qf4+ 80. Kh1 Kd7 81. Kg1 Qe3+ 82. Kh1 Qxh3+ 83. Kg1 Qe3+ 84. Kh1 h3 85. Rh2 Qf3+ 86. Kg1 Qg3+ 87. Kh1 Qe1# 0-1


[Site "https://www.chess.com"]

[Event "Titled Tuesday Blitz February 28 Early 2023"]
[White "Aggelis, Nikolaos"]
[Black "Buscar, Michael"]
[WhiteFideId "4213220"]
[BlackFideId "2603616"]
[WhiteElo "2189"]
[BlackElo "2010"]
[Result "1-0"]
[Round "03"]
[TimeControl "180+2"]
[Date "2023.02.28"]
[WhiteClock "0:00:45"]
[BlackClock "0:00:01"]

1. c4 e5 2. g3 Nf6 3. Bg2 d5 4. cxd5 Nxd5 5. Nc3 Nb6 6. Nf3 Nc6 7. O-O Be6 8. d3 Be7 9. Be3 O-O 10. Rc1 f5 11. Na4 Nxa4 12. Qxa4 Bf6 13. Rxc6 bxc6 14. Qxc6 Qd6 15. Qc2 Rab8 16. Bc5 Qc6 17. Nd4 Qxg2+ 18. Kxg2 exd4 19. Bxf8 Kxf8 20. Qxc7 Rxb2 21. Qxa7 Rxa2 22. Qb6 Rxe2 23. Ra1 Kf7 24. Kf1 Re5 25. Ra5 Rxa5 26. Qxa5 Kg6 27. Qa6 Bf7 28. Qd6 h6 29. h3 Kh7 30. f3 Bg6 31. Ke2 Bh5 32. Qe6 Bg6 33. h4 Kh8 34. g4 fxg4 35. fxg4 Bh7 36. Qe8+ Bg8 37. Qh5 Kh7 38. Qf5+ Kh8 39. g5 Be7 40. Qd7 Ba3 41. Qxd4 Bc1 42. Kd1 Ba3 43. gxh6 Bf8 44. Qf4 1-0


[Site "https://www.chess.com"]

[Event "Titled Tuesday Blitz February 28 Early 2023"]
[White "Klepikov, Nikita"]
[Black "Tologon tegin, Semetei"]
[WhiteFideId "24145220"]
[BlackFideId "13800574"]
[WhiteElo "2025"]
[BlackElo "2247"]
[Result "0-1"]
[Round "03"]
[TimeControl "180+2"]
[Date "2023.02.28"]
[WhiteClock "0:00:02"]
[BlackClock "0:00:25"]

1. e4 c6 2. d4 d5 3. Nd2 dxe4 4. Nxe4 Bf5 5. Ng3 Bg6 6. N1e2 e6 7. h4 h6 8. Nf4 Bh7 9. c3 Nf6 10. Nfh5 Bd6 11. Nxg7+ Kf8 12. Bxh6 Kg8 13. Qd2 Bxg3 14. Qg5 Bxf2+ 15. Ke2 Bg6 16. h5 Be3 17. Qxe3 Ng4 18. Qf4 Rxh6 19. hxg6 Rxg6 20. Nh5 Nd7 21. Kf3 e5 22. Qf5 exd4 23. cxd4 Ndf6 24. Bd3 Qxd4 25. Ke2 Qe3+ 26. Kd1 Rd8 27. Nxf6+ Nxf6 0-1


[Site "https://www.chess.com"]

[Event "Titled Tuesday Blitz February 28 Early 2023"]
[White "Djokic, Mihailo"]
[Black "Lopez Del Alamo, Antonio"]
[WhiteFideId "976440"]
[BlackFideId "2227339"]
[WhiteElo "2294"]
[BlackElo "2175"]
[Result "1/2-1/2"]
[Round "03"]
[TimeControl "180+2"]
[Date "2023.02.28"]
[WhiteClock "0:00:02"]
[BlackClock "0:00:03"]

1. e4 c5 2. Nf3 e6 3. d4 cxd4 4. Nxd4 Nf6 5. Nc3 Nc6 6. Ndb5 d6 7. Bf4 e5 8. Bg5 a6 9. Bxf6 gxf6 10. Na3 b5 11. Nd5 Bg7 12. c3 Ne7 13. Nxe7 Qxe7 14. Nc2 f5 15. exf5 Bxf5 16. Ne3 Be6 17. a4 O-O 18. axb5 axb5 19. Rxa8 Rxa8 20. Bxb5 d5 21. Bc6 Rb8 22. Bxd5 Rxb2 23. Bxe6 Qxe6 24. Qd8+ Bf8 25. O-O Rb6 26. Qg5+ Kh8 27. c4 Bc5 28. Nd5 Rb8 29. Re1 Bd4 30. Nf6 e4 31. Nd5 Rg8 32. Qd2 Qe5 33. Qf4 Qxf4 34. Nxf4 f5 35. Rd1 Be5 36. Ne6 Re8 37. Rd8 Rxd8 38. Nxd8 Kg7 39. c5 Kf6 40. c6 Bc7 41. Nb7 Ke5 42. Nc5 Kd5 43. Nb3 Bb6 44. Kf1 Kxc6 45. Ke2 Kd5 46. Nd2 Bc7 47. h3 f4 48. f3 e3 49. Ne4 Be5 50. h4 h6 51. Kd3 Bb8 52. Nf6+ Ke6 53. Ne4 Kf5 54. Nc5 Ba7 55. Nb3 Kg6 56. Nc1 Kh5 57. Ne2 Bb8 58. Ke4 Kxh4 59. Kf5 h5 60. Kg6 Bc7 61. Kf5 Bb8 62. Kg6 Bc7 63. Kf5 Bb6 64. Ke6 Ba7 65. Kf5 Bb8 1/2-1/2


[Site "https://www.chess.com"]

[Event "Titled Tuesday Blitz February 28 Early 2023"]
[White "Domingo Nunez, Alejandro"]
[Black "Prieto Aranguren, Alain"]
[WhiteFideId "22245561"]
[BlackFideId "2268906"]
[WhiteElo "2230"]
[BlackElo "2209"]
[Result "1-0"]
[Round "03"]
[TimeControl "180+2"]
[Date "2023.02.28"]
[WhiteClock "0:00:12"]
[BlackClock "0:00:27"]

1. e4 c6 2. Nf3 d5 3. Nc3 Bg4 4. h3 Bh5 5. exd5 cxd5 6. Bb5+ Nc6 7. g4 Bg6 8. Ne5 Rc8 9. d4 e6 10. Qe2 Bb4 11. h4 Ne7 12. h5 Be4 13. f3 O-O 14. Bxc6 Nxc6 15. Nxc6 Rxc6 16. O-O Bxc3 17. bxc3 Rxc3 18. Bd2 Rxc2 19. Rf2 Qf6 20. Qe3 Qh4 21. Rg2 Rxd2 22. Rxd2 Qg3+ 23. Rg2 Qxf3 24. Qxf3 Bxf3 25. Rg3 Be4 26. Rc1 Rb8 27. Rb3 h6 28. Rc7 b5 29. a4 b4 30. a5 f5 31. gxf5 exf5 32. Rxa7 Bc2 33. Rg3 b3 34. Rgxg7+ Kf8 35. Rh7 Kg8 36. Rag7+ Kf8 37. Rb7 Re8 38. Rh8# 1-0


[Site "https://www.chess.com"]

[Event "Titled Tuesday Blitz February 28 Early 2023"]
[White "Lauridsen, Jesper Morch"]
[Black "Migot, Tangi"]
[WhiteFideId "1401890"]
[BlackFideId "662445"]
[WhiteElo "2256"]
[BlackElo "2552"]
[Result "0-1"]
[Round "03"]
[TimeControl "180+2"]
[Date "2023.02.28"]
[WhiteClock "0:00:01"]
[BlackClock "0:00:46"]

1. d4 Nf6 2. Nf3 g6 3. c4 Bg7 4. Nc3 O-O 5. e4 d6 6. Be2 c5 7. O-O cxd4 8. Nxd4 b6 9. f4 Bb7 10. e5 dxe5 11. fxe5 Ne4 12. Nxe4 Bxe4 13. Rf4 Bb7 14. Bf3 Nc6 15. Bxc6 Bxc6 16. Qe2 Rc8 17. Rh4 e6 18. Nxc6 Qxh4 19. g3 Qh5 20. Qxh5 gxh5 21. Ne7+ Kh8 22. Nxc8 Rxc8 23. Bf4 Rxc4 24. Rd1 h6 25. Rd7 Kg8 26. Rd8+ Kh7 27. Rd7 Kg6 28. Rxa7 Rc2 29. b3 h4 30. gxh4 h5 31. a4 Rc3 32. Bg3 Rxb3 33. a5 bxa5 34. Rxa5 Bf8 35. Ra2 Bc5+ 36. Kg2 Bd4 37. Re2 Rb2 38. Rxb2 Bxb2 39. Kf3 Kf5 40. Bf2 Bxe5 41. h3 f6 42. Be1 Bd4 43. Bd2 e5 44. Bh6 Ke6 45. Ke2 f5 46. Bg7 Kd5 47. Kf3 Bb2 48. Kg2 Bc1 49. Kf3 e4+ 50. Ke2 f4 51. Bf6 f3+ 52. Kf2 Bf4 53. Bg5 Ke5 54. Kf1 Kf5 55. Be7 e3 56. Bc5 Ke4 57. Kg1 Bg3 58. Bb6 e2 59. Bf2 Bxf2+ 60. Kxf2 Kd3 61. Ke1 f2+ 62. Kxf2 Kd2 63. Kf3 e1=Q 0-1


[Site "https://www.chess.com"]

[Event "Titled Tuesday Blitz February 28 Early 2023"]
[White "Nissinen, Niilo Man"]
[Black "Stijve, Theo"]
[WhiteFideId "30950767"]
[BlackFideId "1331132"]
[WhiteElo "1957"]
[BlackElo "2256"]
[Result "0-1"]
[Round "03"]
[TimeControl "180+2"]
[Date "2023.02.28"]
[WhiteClock "0:00:02"]
[BlackClock "0:00:15"]

1. e4 c5 2. Nf3 e6 3. d4 cxd4 4. Nxd4 Nc6 5. Nc3 Qc7 6. a3 a6 7. Be3 b5 8. f4 Bb7 9. Qf3 Nf6 10. Bd3 h5 11. Nxc6 Bxc6 12. Bd4 d6 13. Qg3 h4 14. Qe3 e5 15. fxe5 dxe5 16. Bb6 Qb7 17. Bc5 Ng4 18. Qg1 h3 19. gxh3 Bxc5 20. Qxc5 Rxh3 21. O-O-O Rc8 22. Qg1 f5 23. exf5 Bxh1 24. Qxg4 Rxh2 25. Re1 Qe7 26. Qg3 Rg2 27. Qh3 Rxc3 28. bxc3 Qxa3+ 29. Kb1 b4 30. cxb4 Qxb4+ 31. Ka2 Qa4+ 32. Kb2 Qb4+ 33. Ka2 Qxe1 34. f6 Qa5+ 35. Kb2 Qb6+ 36. Kc1 Qxf6 37. Qc8+ Kf7 0-1


[Site "https://www.chess.com"]

[Event "Titled Tuesday Blitz February 28 Early 2023"]
[White "Roebers, Eline"]
[Black "Schut, Han"]
[WhiteFideId "1058401"]
[BlackFideId "1005561"]
[WhiteElo "2549"]
[BlackElo "2024"]
[Result "1-0"]
[Round "03"]
[TimeControl "180+2"]
[Date "2023.02.28"]
[WhiteClock "0:01:29"]
[BlackClock "0:00:46"]

1. e4 c5 2. b4 b6 3. bxc5 bxc5 4. Nc3 g6 5. f4 Bg7 6. Nf3 Nc6 7. Bc4 Nd4 8. O-O e6 9. e5 Ne7 10. Ne4 O-O 11. c3 Nxf3+ 12. Qxf3 Bb7 13. Rb1 Bxe4 14. Qxe4 d5 15. exd6 Nf5 16. Be2 Qxd6 17. Rd1 h5 18. Ba3 Rfc8 19. d4 Qa6 20. Bxa6 1-0


[Site "https://www.chess.com"]

[Event "Titled Tuesday Blitz February 28 Early 2023"]
[White "Demin, Vladimir"]
[Black "Ciuffoletti, Paolo"]
[WhiteFideId "4167457"]
[BlackFideId "807630"]
[WhiteElo "2547"]
[BlackElo "2143"]
[Result "1-0"]
[Round "03"]
[TimeControl "180+2"]
[Date "2023.02.28"]
[WhiteClock "0:01:46"]
[BlackClock "0:00:05"]

1. e4 c5 2. Nf3 Nc6 3. c3 d5 4. exd5 Qxd5 5. d4 Nf6 6. Be2 e6 7. O-O Be7 8. h3 O-O 9. Be3 cxd4 10. cxd4 b6 11. a3 Bb7 12. Nc3 Qd8 13. b4 Nd5 14. Rc1 Nxe3 15. fxe3 Rc8 16. Qb3 Bg5 17. Nxg5 Qxg5 18. Ne4 Nxd4 19. Nxg5 Nxb3 20. Rxc8 Rxc8 21. Rxf7 Bxg2 22. Kxg2 h6 23. Bg4 Rc2+ 24. Kg3 Rc6 25. Re7 hxg5 26. Bxe6+ Kf8 27. Rf7+ Ke8 28. Bxb3 Rc3 29. Bd5 Rxe3+ 30. Rf3 1-0


[Site "https://www.chess.com"]

[Event "Titled Tuesday Blitz February 28 Early 2023"]
[White "Burke, John F"]
[Black "Kopczynski, Michal"]
[WhiteFideId "2052970"]
[BlackFideId "1124200"]
[WhiteElo "2219"]
[BlackElo "2212"]
[Result "1/2-1/2"]
[Round "03"]
[TimeControl "180+2"]
[Date "2023.02.28"]
[WhiteClock "0:00:33"]
[BlackClock "0:00:04"]

1. d4 Nf6 2. c4 g6 3. Nc3 Bg7 4. e4 d6 5. f3 O-O 6. Nge2 c5 7. Be3 cxd4 8. Nxd4 Nc6 9. Be2 a6 10. O-O Bd7 11. Qd2 Qa5 12. Nb3 Qc7 13. Rac1 Rfc8 14. Nd5 Qd8 15. Nb6 Ne5 16. Rfd1 Be6 17. Nxa8 Rxa8 18. c5 d5 19. Bf4 Nc6 20. exd5 Nxd5 21. Bg3 Qf8 22. Bc4 Rd8 23. Qe2 Bh6 24. Ra1 Ne3 25. Rxd8 Nxd8 26. Bxe6 Nxe6 27. f4 Nf5 28. Rf1 Qd8 29. Qe4 a5 30. Qxb7 a4 31. Nc1 Nxc5 32. Qb5 Ne4 33. Be1 Qd4+ 34. Kh1 e5 35. Nd3 exf4 36. Qe8+ Kg7 37. Qe5+ Qxe5 38. Nxe5 Ne3 39. Rf3 Nc2 40. Bc3 f6 41. Ng4 Bg5 42. g3 h5 43. h4 hxg4 44. Rd3 Bh6 45. Rd7+ Kf8 46. gxf4 Bxf4 47. a3 g3 48. Kg2 Nxa3 49. Bb4+ Ke8 50. Re7+ Kd8 51. Rxe4 Nc2 52. Rxf4 Ne3+ 53. Kxg3 g5 54. hxg5 fxg5 55. Rd4+ Kc7 56. Kf3 Nf5 57. Rc4+ Kb6 58. Bc3 Nd6 59. Rg4 Kb5 60. Rxg5+ Kc4 61. Rg4+ Kb3 62. Rxa4 Kxa4 63. Ke3 Kb3 64. Kd4 Nc4 65. Kd3 Nxb2+ 1/2-1/2


[Site "https://www.chess.com"]

[Event "Titled Tuesday Blitz February 28 Early 2023"]
[White "Rose, Felix"]
[Black "Di Nicolantonio, Lucas"]
[WhiteFideId "5105722"]
[BlackFideId "680460"]
[WhiteElo "2039"]
[BlackElo "2358"]
[Result "0-1"]
[Round "03"]
[TimeControl "180+2"]
[Date "2023.02.28"]
[WhiteClock "0:00:49"]
[BlackClock "0:00:17"]

1. e4 g6 2. d4 Bg7 3. Nf3 d6 4. Nc3 a6 5. a4 b6 6. h3 Bb7 7. Be3 Nd7 8. Be2 c5 9. d5 Ngf6 10. Qd2 O-O 11. Bh6 Re8 12. Bxg7 Kxg7 13. O-O Qc7 14. Rfe1 h6 15. Bf1 e6 16. dxe6 Rxe6 17. Rad1 Nxe4 18. Nxe4 Bxe4 19. Bc4 Bxf3 20. Bxe6 Bxd1 21. Bxd7 Qxd7 22. Rxd1 Rd8 23. c4 Qxa4 24. Qc3+ Kg8 25. Re1 Re8 26. Rxe8+ Qxe8 27. b4 Qe5 28. Qd2 Qd4 29. Qe1 Qxc4 30. bxc5 bxc5 31. Qe7 Qe6 32. Qd8+ Kg7 33. g3 d5 34. Qc7 c4 35. Qc5 Qe1+ 36. Kg2 Qe4+ 37. Kg1 Qe5 38. Kg2 c3 39. h4 Qe4+ 40. Kh3 Qh1+ 41. Kg4 h5+ 42. Kf4 Qe4+ 0-1


[Site "https://www.chess.com"]

[Event "Titled Tuesday Blitz February 28 Early 2023"]
[White "Winkels, Marcel"]
[Black "Kislov, Oleg"]
[WhiteFideId "1003887"]
[BlackFideId "13503774"]
[WhiteElo "1900"]
[BlackElo "2186"]
[Result "0-1"]
[Round "03"]
[TimeControl "180+2"]
[Date "2023.02.28"]
[WhiteClock "0:00:26"]
[BlackClock "0:00:21"]

1. e4 e6 2. d4 d5 3. Nc3 Nf6 4. Bg5 dxe4 5. Nxe4 Be7 6. Bxf6 gxf6 7. Nf3 b6 8. Bc4 Bb7 9. Ng3 c6 10. Qe2 Qc7 11. O-O-O Nd7 12. Rhe1 O-O-O 13. Ne4 Rhg8 14. g3 f5 15. Ned2 Bf6 16. Ba6 c5 17. Bxb7+ Kxb7 18. Nc4 cxd4 19. Nxd4 Bxd4 20. Rxd4 Nc5 21. Red1 Rxd4 22. Rxd4 Rd8 23. Rxd8 Qxd8 24. Qf3+ Ne4 25. Qg2 Qd4 26. Qf1 Nxf2 27. c3 Nd3+ 28. Kc2 Qxc4 29. Qxd3 Qxd3+ 30. Kxd3 Kc6 31. Kd4 Kd6 32. c4 e5+ 33. Kd3 Kc5 34. b3 Kb4 35. h3 h5 36. h4 Ka3 37. Kc3 a5 38. c5 bxc5 39. Kc4 Kxa2 40. Kxc5 Kxb3 41. Kd5 e4 42. Ke5 e3 43. Kxf5 e2 0-1


[Site "https://www.chess.com"]

[Event "Titled Tuesday Blitz February 28 Early 2023"]
[White "Ehlvest, Jaan"]
[Black "Gurevich, Ilya"]
[WhiteFideId "4500016"]
[BlackFideId "2000628"]
[WhiteElo "2442"]
[BlackElo "2119"]
[Result "1-0"]
[Round "03"]
[TimeControl "180+2"]
[Date "2023.02.28"]
[WhiteClock "0:00:18"]
[BlackClock "0:00:01"]

1. e4 c5 2. Nf3 e6 3. d4 cxd4 4. Nxd4 Nf6 5. Nc3 Nc6 6. Ndb5 Bb4 7. a3 Bxc3+ 8. Nxc3 d5 9. exd5 exd5 10. Bd3 O-O 11. O-O d4 12. Ne2 Bg4 13. h3 Bh5 14. f4 Bxe2 15. Qxe2 Re8 16. Qf3 Nd5 17. Bd2 Ne3 18. Rfe1 Qb6 19. b4 Rad8 20. Kh1 a6 21. c4 Re7 22. Rac1 Rde8 23. c5 Qc7 24. a4 Nd8 25. b5 axb5 26. axb5 f6 27. Bb4 Kh8 28. c6 Re6 29. Ba5 b6 30. Bd2 Nf7 31. Qh5 Nh6 32. Qf3 Qd6 33. Ra1 Nhf5 34. Rec1 Nd5 35. Bxf5 Re2 36. Qh5 g6 37. Bxg6 R8e7 38. Bxh7 Rxh7 39. Qxe2 1-0


[Site "https://www.chess.com"]

[Event "Titled Tuesday Blitz February 28 Early 2023"]
[White "Mendez Fortes, Eduardo Jesus"]
[Black "Levine, David"]
[WhiteFideId "3502376"]
[BlackFideId "2011611"]
[WhiteElo "2307"]
[BlackElo "2118"]
[Result "1-0"]
[Round "03"]
[TimeControl "180+2"]
[Date "2023.02.28"]
[WhiteClock "0:00:46"]
[BlackClock "0:00:06"]

1. e4 e5 2. Nf3 Nc6 3. Bb5 a6 4. Ba4 Nf6 5. O-O Be7 6. Re1 b5 7. Bb3 d6 8. c3 O-O 9. h3 Bb7 10. d4 Re8 11. Nbd2 Bf8 12. a4 h6 13. Bc2 Nb8 14. Bd3 c6 15. b3 Nbd7 16. Bb2 Qc7 17. Nf1 g6 18. Ng3 Bg7 19. Qd2 Nf8 20. Nh2 Ne6 21. Ng4 Nxg4 22. hxg4 Nf4 23. Ne2 Ne6 24. axb5 cxb5 25. Rac1 Qb6 26. d5 Nc5 27. Bc2 a5 28. Ra1 a4 29. bxa4 Nxa4 30. Ba3 Rec8 31. Bb4 Nxc3 32. Nxc3 Bf8 33. Rxa8 Rxa8 34. Qe3 Qxe3 35. fxe3 1-0


[Site "https://www.chess.com"]

[Event "Titled Tuesday Blitz February 28 Early 2023"]
[White "Chemin, Justo Reinaldo"]
[Black "Martin Duque, Jesus"]
[WhiteFideId "2101580"]
[BlackFideId "2208954"]
[WhiteElo "1940"]
[BlackElo "2305"]
[Result "0-1"]
[Round "03"]
[TimeControl "180+2"]
[Date "2023.02.28"]
[WhiteClock "0:00:08"]
[BlackClock "0:02:05"]

1. d4 Nf6 2. Nf3 b6 3. e3 Bb7 4. Bd3 g6 5. Nbd2 Bg7 6. b3 O-O 7. Bb2 c5 8. O-O e6 9. Re1 Qe7 10. Qe2 d6 11. a3 Nc6 12. c4 Nh5 13. Rab1 f5 14. d5 exd5 15. cxd5 Ne5 16. Nxe5 Bxe5 17. Bxe5 Qxe5 18. Nc4 Qxd5 19. e4 fxe4 20. Bxe4 Qxe4 21. Qxe4 Bxe4 22. Rxe4 d5 23. Re7 dxc4 24. bxc4 Rf7 25. Rbe1 Rxe7 26. Rxe7 Ng7 27. g4 h5 28. h3 hxg4 29. hxg4 Ne8 30. f3 Kf8 31. Rd7 Nf6 32. Rc7 Ng8 33. Kg2 Ne7 34. Kg3 g5 35. f4 gxf4+ 36. Kxf4 Ke8 37. g5 Kd8 38. Rb7 Rc8 39. Rxa7 Rc6 40. a4 Rd6 41. a5 bxa5 42. Rxa5 Rd4+ 43. Ke5 Nc6+ 0-1


[Site "https://www.chess.com"]

[Event "Titled Tuesday Blitz February 28 Early 2023"]
[White "Bilan, Danila"]
[Black "Flis, Pawel"]
[WhiteFideId "24161918"]
[BlackFideId "1112864"]
[WhiteElo "2182"]
[BlackElo "1822"]
[Result "1-0"]
[Round "03"]
[TimeControl "180+2"]
[Date "2023.02.28"]
[WhiteClock "0:00:31"]
[BlackClock "0:00:04"]

1. d4 c5 2. e3 Nf6 3. Nf3 g6 4. c4 cxd4 5. Nxd4 Bg7 6. Nc3 O-O 7. Be2 d5 8. O-O dxc4 9. Bxc4 b6 10. Qf3 Qc7 11. Qxa8 Qxc4 12. Qxa7 Ba6 13. Re1 Nbd7 14. Bd2 Ne5 15. Qxb6 Nd3 16. b3 Qc8 17. Red1 Nd7 18. Qc6 Qd8 19. Qxa6 N7c5 20. Qc4 Qc8 21. b4 Qg4 22. bxc5 Nb2 23. Qe2 Qg5 24. Rdb1 1-0


[Site "https://www.chess.com"]

[Event "Titled Tuesday Blitz February 28 Early 2023"]
[White "Necula, Iulian"]
[Black "Dragomirescu, Angela"]
[WhiteFideId "1232380"]
[BlackFideId "1209914"]
[WhiteElo "1790"]
[BlackElo "2171"]
[Result "0-1"]
[Round "03"]
[TimeControl "180+2"]
[Date "2023.02.28"]
[WhiteClock "0:01:19"]
[BlackClock "0:01:31"]

1. d4 Nf6 2. Nc3 d5 3. Bf4 e6 4. Nb5 Na6 5. e3 Be7 6. Nf3 c6 7. Nc3 Nc7 8. Ne5 O-O 9. g4 Nd7 10. h4 Nxe5 11. dxe5 f6 12. Bd3 fxe5 13. Bxe5 Bf6 14. Bxf6 Qxf6 15. Qe2 e5 16. e4 d4 17. Nd1 Ne6 18. g5 Qf7 19. c3 Nf4 20. Qd2 Bg4 21. Bf1 Rad8 22. c4 d3 23. b3 Ne2 24. Rh2 Nd4 25. Ne3 Nf3+ 0-1


[Site "https://www.chess.com"]

[Event "Titled Tuesday Blitz February 28 Early 2023"]
[White "Garakov, Mikhael"]
[Black "Nan, M K Khine Hlyan"]
[WhiteFideId "4169034"]
[BlackFideId "13002899"]
[WhiteElo "2347"]
[BlackElo "1943"]
[Result "1-0"]
[Round "03"]
[TimeControl "180+2"]
[Date "2023.02.28"]
[WhiteClock "0:02:28"]
[BlackClock "0:02:18"]

1. e4 e5 2. Nf3 Nc6 3. Bb5 Bc5 4. c3 Nge7 5. O-O d6 6. d4 exd4 7. cxd4 Bb6 8. d5 a6 9. Ba4 Bxf2+ 10. Rxf2 b5 11. dxc6 bxa4 12. Qxa4 O-O 13. Nc3 Ng6 14. Bg5 Qe8 15. Nd5 Rb8 16. Nxc7 Qe6 17. Nxe6 1-0


[Site "https://www.chess.com"]

[Event "Titled Tuesday Blitz February 28 Early 2023"]
[White "Castillo Pena, Patricia Evarista"]
[Black "Demchenko, Anton"]
[WhiteFideId "6412106"]
[BlackFideId "4160258"]
[WhiteElo "1919"]
[BlackElo "2545"]
[Result "0-1"]
[Round "03"]
[TimeControl "180+2"]
[Date "2023.02.28"]
[WhiteClock "0:00:07"]
[BlackClock "0:00:14"]

1. d4 d5 2. Nf3 Nf6 3. e3 Bg4 4. c4 c6 5. Qb3 Qb6 6. Ne5 Be6 7. c5 Qc7 8. Nc3 Nbd7 9. f4 Bf5 10. Qd1 h5 11. Be2 e6 12. b4 g6 13. O-O a6 14. a4 Ne4 15. Bd2 Nxe5 16. fxe5 Nxc3 17. Bxc3 Bh6 18. Bd2 O-O 19. e4 Bxd2 20. exf5 Be3+ 21. Kh1 exf5 22. Rf3 Bg5 23. Rg3 Qe7 24. Bxh5 Kg7 25. Be2 Rh8 26. Rf3 Rh6 27. Raa3 Rah8 28. h3 Rh4 29. Rad3 Bf4 30. Kg1 Qg5 31. Qe1 Bc1 32. Rg3 Qh6 33. Rd1 Be3+ 34. Kf1 Bxd4 35. e6 Re4 36. Qd2 Qxd2 37. Rxd2 fxe6 38. Rgd3 Bf6 39. Bf3 Rxb4 0-1


[Site "https://www.chess.com"]